cohdb
Replays
Latest Replays
All Replays
Popular Replays
Top Player Replays
Match Explorer
How It Works
Community
CoH3 Stats
Reddit
Sign in to upload your games and track your stats! →
Sign in with Steam
Match 38610341
Unlisted
Match 38610341
Overview
Messages
Build Orders
End
Selects Italian Combined Arms Battlegroup
Selects Bersaglieri Squad
Kradschützen Motorcycle Team
Bersaglieri Squad
Bersaglieri Squad
Bersaglieri Squad
Construct Light Support Kompanie
Selects Bersaglieri Bolster
Bersaglieri Squad
Fire Support Elements
Bersaglieri Squad
Flakvierling Half-track
2.5-tonne Medical Truck
Panzerjäger Squad
Construct Panzerarmee Kommand
le.IG 18 Support Gun Team
clubAfire
Elazer
wuhufly
长官别打我是哥布林
Honey
khj
乌拉
kaiser
0
0
Comments
sign in to comment!
No comments posted yet!